 Dungeon Crawl Stone Soup version 0.25-a0-583-g696c2ac64d (webtiles) character file.

Game seed: 9088145005179182660, levelgen mode: deterministic

359 Kohma the Insei (level 6, -13/47 HPs)
             Began as a Gnoll Transmuter on Mar 8, 2020.
             Killed by divine providence
             ... invoked by an orc priest
              (16 damage)
             ... on level 4 of the Dungeon.
             The game lasted 00:04:48 (2995 turns).

Kohma the Insei (Gnoll Transmuter)                  Turns: 2995, Time: 00:04:48

Health: -13/47     AC:  4    Str: 12    XL:     6   Next: 65%
Magic:  11/14      EV: 15    Int: 18    God:
Gold:   135        SH:  0    Dex: 15    Spells: 9/15 levels left

rFire    . . .     SeeInvis .   c - +2 whip (venom)
rCold    . . .     Gourm    .   (no shield)
rNeg     . . .     Faith    .   b - +0 robe
rPois    .         Spirit   .   p - +2 hat
rElec    .         Reflect  .   (no cloak)
rCorr    .         Harm     .   (no gloves)
MR       .....                  (no boots)
Stlth    ++........             (no amulet)
HPRegen  0.15/turn              (no ring)
MPRegen  0.14/turn              (no ring)

@: very slightly contaminated
A: distributed training, fangs 1, strong nose
a: no special abilities


You were on level 4 of the Dungeon.
You were near starving.

You visited 1 branch of the dungeon, and saw 4 of its levels.

You collected 135 gold pieces.

Inventory:

Hand Weapons
 c - a +2 whip of venom (weapon)
Missiles
 a - 33 arrows
 j - 12 sling bullets
Armour
 b - a +0 robe (worn)
 p - a +2 hat (worn)
Scrolls
 g - a scroll of enchant weapon {unknown}
 h - 3 scrolls of remove curse {unknown}
 k - a scroll of teleportation {unknown}
 m - 3 scrolls of identify {unknown}
 n - a scroll of immolation {unknown}
 r - a scroll of fog {unknown}
 s - a scroll of blinking {unknown}
Potions
 e - a potion of curing
 f - a potion of stabbing {unknown}
 i - a potion of degeneration {unknown}
 l - a potion of lignification {unknown}
 o - 2 potions of might
 q - a potion of mutation {unknown}
 t - a potion of haste {unknown}
Comestibles
 d - 8 rations


   Skills:
 + Level 3.3 Fighting
 + Level 2.0 Short Blades
 + Level 2.0 Long Blades
 + Level 2.0 Axes
 + Level 2.0 Maces & Flails
 + Level 2.0 Polearms
 + Level 2.0 Staves
 + Level 2.0 Slings
 + Level 2.0 Bows
 + Level 2.0 Crossbows
 + Level 2.0 Throwing
 + Level 2.0 Armour
 + Level 5.0 Dodging
 + Level 2.0 Stealth
 + Level 2.0 Shields
 + Level 6.8 Unarmed Combat
 + Level 5.4 Spellcasting
 + Level 1.6 Conjurations
 + Level 1.6 Hexes
 + Level 1.6 Charms
 + Level 1.6 Summonings
 + Level 1.6 Necromancy
 + Level 1.6 Translocations
 + Level 4.1 Transmutations
 + Level 1.6 Fire Magic
 + Level 1.6 Ice Magic
 + Level 1.6 Air Magic
 + Level 1.6 Earth Magic
 + Level 1.6 Poison Magic
 + Level 2.2 Invocations
 + Level 2.0 Evocations


You had 9 spell levels left.
You knew the following spells:

 Your Spells              Type           Power        Failure   Level  Hunger
a - Beastly Appendage     Tmut           ###...       2%          1    None
b - Sticks to Snakes      Tmut           ###.....     3%          2    #......
c - Spider Form           Tmut/Pois      ###.......   12%         3    ##.....

Your spell library contained the following spells:

 Spells                   Type           Power        Failure   Level  Hunger
 Ice Form                 Ice/Tmut       ###.....     36%         4    ####...
 Blade Hands              Tmut           ###.......   54%         5    ######.


Dungeon Overview and Level Annotations

Branches:
Dungeon (4/15)
 Temple: D:4-7

Altars:


Innate Abilities, Weirdness & Mutations

Your experience applies equally to all skills.
You have very sharp teeth.
Your uncanny sense of smell can sniff out nearby items.


Message History

The adder skeleton is severely damaged.
The orc hits you with a +0 flail. The adder skeleton barely misses you.
You barely miss the adder skeleton.
You bite the adder skeleton, but do no damage.
The adder skeleton is severely damaged.
The orc completely misses you.
The adder skeleton bites you but does no damage.
You hit the adder skeleton.
You destroy the adder skeleton!
The orc hits you with a +0 flail.
* * * LOW HITPOINT WARNING * * *
Casting: Spider Form (safe; 12% risk of failure)
Confirm with . or Enter, or press ? or * to list all spells.
You miscast Spider Form.
You are very lightly contaminated with residual magic.
You feel faint for a moment. The orc hits you with a +0 flail!
* * * LOW HITPOINT WARNING * * *
The orc priest mumbles some strange prayers to Beogh against you.
Beogh smites you!
You die...

#...............#
................#
#...............#
........o.......#
...###..oso.....#
## ####.#######
#o#
#.#####.########
.......@........
#.#####..######
#..# ##.###
#..##### ....#
#......# #.#.#
##.##### #...#
#.# #..# #.#
#..####.###


You could see a scorpion, an orc priest and 3 orcs.

Vanquished Creatures
  Grinder (D:3)
  4 adders
  4 gnolls (D:3)
  2 oozes (D:1)
  An adder skeleton (D:4)
  A worm (D:2)
  4 leopard geckos
  4 ball pythons
  4 bats
  4 giant cockroaches
  13 goblins
  4 hobgoblins
  8 jackals
  7 kobolds
  2 quokkas
  4 rats
67 creatures vanquished.

Notes
Turn   | Place    | Note
-------+----------+-------------------------------------------
     0 | D:1      | Kohma the Gnoll Transmuter began the quest for the Orb.
     0 | D:1      | Reached XP level 1. HP: 17/17 MP: 6/6
   205 | D:1      | Reached XP level 2. HP: 20/23 MP: 7/7
   212 | D:1      | Learned a level 2 spell: Sticks to Snakes
   458 | D:1      | Reached XP level 3. HP: 20/28 MP: 9/9
   463 | D:1      | Learned a level 3 spell: Spider Form
   619 | D:1      | Reached skill level 5 in Spellcasting
  1324 | D:2      | Reached skill level 1 in Invocations
  1482 | D:2      | Reached skill level 1 in Short Blades
  1482 | D:2      | Reached skill level 1 in Long Blades
  1482 | D:2      | Reached skill level 1 in Axes
  1482 | D:2      | Reached skill level 1 in Maces & Flails
  1482 | D:2      | Reached skill level 1 in Polearms
  1482 | D:2      | Reached skill level 1 in Staves
  1482 | D:2      | Reached skill level 1 in Slings
  1482 | D:2      | Reached skill level 1 in Bows
  1482 | D:2      | Reached skill level 1 in Crossbows
  1482 | D:2      | Reached skill level 1 in Throwing
  1482 | D:2      | Reached skill level 1 in Armour
  1482 | D:2      | Reached skill level 1 in Stealth
  1482 | D:2      | Reached skill level 1 in Shields
  1482 | D:2      | Reached skill level 1 in Evocations
  1482 | D:2      | Reached XP level 4. HP: 32/34 MP: 11/11
  1598 | D:2      | Reached skill level 1 in Conjurations
  1598 | D:2      | Reached skill level 1 in Hexes
  1598 | D:2      | Reached skill level 1 in Charms
  1598 | D:2      | Reached skill level 1 in Summonings
  1598 | D:2      | Reached skill level 1 in Necromancy
  1598 | D:2      | Reached skill level 1 in Translocations
  1598 | D:2      | Reached skill level 1 in Fire Magic
  1598 | D:2      | Reached skill level 1 in Ice Magic
  1598 | D:2      | Reached skill level 1 in Air Magic
  1598 | D:2      | Reached skill level 1 in Earth Magic
  1598 | D:2      | Reached skill level 1 in Poison Magic
  1836 | D:3      | Reached XP level 5. HP: 29/40 MP: 12/12
  2410 | D:3      | Noticed Grinder
  2413 | D:3      | Paralysed by Grinder for 3 turns
  2427 | D:3      | Killed Grinder
  2427 | D:3      | Reached skill level 5 in Dodging
  2427 | D:3      | Reached XP level 6. HP: 47/47 MP: 11/14
  2993 | D:4      | HP: 2/47 [orc/+0 flail (9)]
  2995 | D:4      | Killed from afar by an orc priest

Levels and vault maps discovered:
D:1:      dpeg_arrival_boxes_within_box, layout_basic,
          hangedman_abyss_or_decor_stabs
D:2:      layout_basic
D:3:      layout_basic, first_ration, uniq_grinder
D:4:      layout_basic, nicolae_overflow_hidden_temple

Skill      XL: |  1  2  3  4  5 |
---------------+----------------+-----
Spellcasting   | 5 |  5.4
Invocations    | 1 2 |  2.2
Short Blades   | 1 2 |  2.0
Long Blades    | 1 2 |  2.0
Axes           | 1 2 |  2.0
Maces & Flails | 1 2 |  2.0
Polearms       | 1 2 |  2.0
Staves         | 1 2 |  2.0
Slings         | 1 2 |  2.0
Bows           | 1 2 |  2.0
Crossbows      | 1 2 |  2.0
Throwing       | 1 2 |  2.0
Armour         | 1 2 |  2.0
Stealth        | 1 2 |  2.0
Shields        | 1 2 |  2.0
Evocations     | 1 2 |  2.0
Conjurations   | 1 |  1.6
Hexes          | 1 |  1.6
Charms         | 1 |  1.6
Summonings     | 1 |  1.6
Necromancy     | 1 |  1.6
Translocations | 1 |  1.6
Fire Magic     | 1 |  1.6
Ice Magic      | 1 |  1.6
Air Magic      | 1 |  1.6
Earth Magic    | 1 |  1.6
Poison Magic   | 1 |  1.6
Fighting       | 3 |  3.3
Dodging        | 5 |  5.0
Transmutations | 4 |  4.1
Unarmed Combat | |  6.8

Action                   |  1- 3 |  4- 6 || total
-------------------------+-------+-------++-------
Melee: Whip              |    73 |    93 ||   166
       Unarmed           |     5 |    15 ||    20
       Punch             |     3 |     2 ||     5
       Bite              |     6 |     7 ||    13
 Cast: Spider Form       |       |     4 ||     4
  Use: Potion            |     2 |       ||     2
 Stab: Sleeping          |     2 |     1 ||     3
       Distracted        |       |     1 ||     1
  Eat: Chunk             |     2 |     3 ||     5
Armor: Robe              |    15 |    21 ||    36
       Skin              |       |     1 ||     1
Dodge: Dodged            |    63 |   108 ||   171

Table legend:
 A = Non-vault XP
 B = Vault XP
 C = Vault XP percentage of total XP
 D = Non-vault monster count
 E = Vault monster count
 F = Vault count percentage of total count
                 A         B        C        D         E       F
            +---------+---------+-------+---------+---------+-------
      Total |     233 |     281 |  54.7 |      66 |       1 |   1.5
            +---------+---------+-------+---------+---------+-------
        D:1 |      55 |       0 |   0.0 |      24 |       0 |   0.0
        D:2 |      78 |       0 |   0.0 |      23 |       0 |   0.0
        D:3 |      95 |     281 |  74.7 |      18 |       1 |   5.3
        D:4 |       5 |       0 |   0.0 |       1 |       0 |   0.0
            +---------+---------+-------+---------+---------+-------
